 Dungeon Crawl Stone Soup version 0.31.0-11-ge490571c62 (webtiles) character file.

Game seed: 14404703466432134588

78 qw the Shooter (level 4, 0/22 HPs)
             Began as a Spriggan Hunter on Feb 3, 2024.
             Slain by a goblin
             ... wielding a +0 club
             ... led by Robin
              (2 damage)
             ... on level 3 of the Dungeon.
             The game lasted 00:00:26 (1237 turns).

qw the Shooter (Spriggan Hunter)                    Turns: 1237, Time: 00:00:27

Health: 0/22       AC:  6    Str:  7    XL:     4   Next: 15%
Magic:  5/5        EV: 19    Int: 10    God:
Gold:   157        SH:  0    Dex: 20    Spells: 3/3 levels left

rFire   . . .        a - +0 shortbow
rCold   . . .        (shield currently unavailable)
rNeg    . . .        c - +0 robe
rPois   .            (helmet restricted)
rElec   .            (no cloak)
rCorr   .            (gloves unavailable)
SInv    +            (boots unavailable)
Will    .....        f - amulet of faith
Stlth   ++           g - +4 ring of protection
HPRegen 0.23/turn    (no ring)
MPRegen 0.09/turn

%: faith
@: about to teleport, very quick
A: very small, no large weapons, unfitting armour, see invisible, speed 3
a: no special abilities


You were on level 3 of the Dungeon.
You visited 1 branch of the dungeon, and saw 3 of its levels.

You collected 157 gold pieces.


Innate Abilities, Weirdness & Mutations

You are very small and have problems with some larger weapons.
You are too small for most types of armour.
You have supernaturally acute eyesight. (SInv)
You cover ground extremely quickly. (Speed+++)


   Skills:
 - Level 1.5 Fighting
 - Level 5.0 Ranged Weapons
 + Level 4.4 Dodging
 - Level 1.5 Stealth


You had 3 spell levels left.
You didn't know any spells.
Your spell library was empty.

Inventory:

Hand Weapons
 a - a +0 shortbow (weapon)
Armour
 c - a +0 robe (worn)
Jewellery
 f - an amulet of faith (around neck)
 g - a +4 ring of protection (left hand)
Wands
 k - a wand of mindburst (9)
Scrolls
 d - a scroll of immolation {unknown}
Potions
 e - a potion of might
 j - a potion of curing

Dungeon Overview and Level Annotations

Branches:
Dungeon (3/15)

Altars:

Annotations:
D:3 Robin


Message History

You shoot an arrow.
The arrow hits the hobgoblin but does no damage.
The goblin closely misses you. The goblin hits you with a +0 dagger.
The hobgoblin closely misses you.
You shoot an arrow. The arrow hits the hobgoblin!
You kill the hobgoblin!
The goblin no longer looks unusually strong.
The goblin misses you. The goblin closely misses you.
Robin roars a battlecry!
The goblin goes into a battle-frenzy!
You shoot an arrow. The arrow hits the endoplasm.
The endoplasm is heavily wounded.
The goblin completely misses you. The goblin hits you but does no damage.
The endoplasm closely misses you.
You shoot an arrow. The arrow hits the endoplasm.
You kill the endoplasm!
The goblin hits you but does no damage. The goblin closely misses you.
The goblin hits you with a +0 dagger. The goblin misses you.
The hobgoblin hits you but does no damage.
You shoot an arrow.
The arrow hits the hobgoblin but does no damage.
The hobgoblin no longer looks unusually strong.
The hobgoblin misses you. The goblin hits you with a +0 club.
The goblin barely misses you.
You shoot an arrow.
The arrow hits the hobgoblin but does no damage.
The goblin hits you but does no damage.
The hobgoblin hits you but does no damage.
The goblin completely misses you.
You shoot an arrow. The arrow hits the hobgoblin.
The hobgoblin is heavily wounded.
The hobgoblin misses you. The goblin hits you with a +0 club.
The goblin completely misses you.
Robin roars a battlecry!
The hobgoblin goes into a battle-frenzy!
1237 ||| READING scroll of teleportation.
As you read the scroll of teleportation, it crumbles to dust.
You feel strangely unstable. The goblin hits you with a +0 club.
You die...

########....#
#...........#
######............
##...#............#
######..................
........................
................#..)....
#..gg).......##....%.
#.gg@.........##.....
#..#)..#............. #)
#####.....(###.... ..
#......# #.... ..
#.#.#### ##... .. #.#.#
##.. . #.#.# #.. #.#.#
###.. #.#.# #....


You could see Robin, a hobgoblin (strong) and 2 goblins.

Vanquished Creatures
  2 adders
  A dart slug (D:2)
  A ribbon worm (D:2)
  3 bats (D:1)
  4 endoplasms
  3 giant cockroaches
  10 goblins
  7 hobgoblins
  4 kobolds
  A quokka (D:1)
  7 ball pythons
  3 frilled lizards
  4 rats
50 creatures vanquished.

Notes
Turn   | Place    | Note
-------+----------+-------------------------------------------
     0 | D:1      | qw the Spriggan Hunter began the quest for the Orb.
     0 | D:1      | Reached XP level 1. HP: 10/10 MP: 2/2
     0 | D:1      | 0 ||| qw: Version: 0.3-a-155-g5e7d8dd
     0 | D:1      | 0 ||| qw: Game counter: 3254
     0 | D:1      | 0 ||| qw: Melee chars always use a shield: true
     0 | D:1      | 0 ||| qw: God list: Okawaru
     0 | D:1      | 0 ||| qw: Allow faded altars: false
     0 | D:1      | 0 ||| qw: Do Orc after clearing Dungeon:15 true
     0 | D:1      | 0 ||| qw: Do second Lair branch before Depths: true
     0 | D:1      | 0 ||| qw: Lair rune preference: random
     0 | D:1      | 0 ||| qw: Goals: Normal
     0 | D:1      | 0 ||| PLANNING D:1-11
    73 | D:1      | Reached skill level 3 in Dodging
    99 | D:1      | Found a faded altar of an unknown god.
   127 | D:1      | Reached XP level 2. HP: 12/14 MP: 3/3
   614 | D:1      | 614 ||| UPGRADING to +4 ring of protection.
   615 | D:1      | 615 ||| READING scroll labelled LOGYMN JUUNAY.
   620 | D:1      | 620 ||| READING scroll labelled GOGAUM LISUSO.
   621 | D:1      | 621 ||| READING scroll labelled LECAEDWAMOGE.
   621 | D:1      | 621 ||| IDENTIFYING coppery potion
   622 | D:1      | 622 ||| DROPPING scroll of butterflies.
   665 | D:2      | Reached XP level 3. HP: 18/18 MP: 4/4
  1067 | D:2      | 1067 ||| UPGRADING to amulet of faith.
  1072 | D:2      | 1072 ||| READING 3 scrolls of identify.
  1072 | D:2      | 1072 ||| IDENTIFYING grey potion
  1073 | D:2      | 1073 ||| READING 2 scrolls of identify.
  1073 | D:2      | 1073 ||| IDENTIFYING blue potion
  1074 | D:2      | 1074 ||| READING scroll of identify.
  1074 | D:2      | 1074 ||| IDENTIFYING 4 bubbling ruby potions
  1075 | D:2      | 1075 ||| DROPPING potion of brilliance.
  1076 | D:2      | 1076 ||| DROPPING 4 potions of degeneration.
  1161 | D:3      | Reached skill level 5 in Ranged Weapons
  1214 | D:3      | Noticed Robin
  1216 | D:3      | Reached XP level 4. HP: 22/22 MP: 5/5
  1236 | D:3      | HP: 2/22 [goblin/+0 club[Robin] (5)]
  1237 | D:3      | 1237 ||| READING scroll of teleportation.
  1237 | D:3      | Slain by a goblin

Levels and vault maps discovered:
D:1:      tarquinn_simple_flora_water_a, layout_loops_cross,
          hellmonk_ecumenical_altar_lost_god
D:2:      layout_rooms
D:3:      layout_rooms, old_standard_altar, minmay_fountain_box,
          nicolae_kite_square_tiling_tiny, minmay_increasing_density, uniq_robin

Skill      XL: |  1  2  3 |
---------------+----------+-----
Dodging        | 3 4 |  4.4
Ranged Weapons | 5 |  5.0
Fighting       | |  1.5
Stealth        | |  1.5

Action                     |  1- 3 |  4- 6 || total
---------------------------+-------+-------++-------
   Fire: Shortbow          |   102 |    21 ||   123
    Use: Scroll            |     6 |     1 ||     7
 Armour: Robe              |     8 |    19 ||    27
  Dodge: Dodged            |    40 |    40 ||    80

Table legend:
 A = Non-vault XP
 B = Vault XP
 C = Vault XP percentage of total XP
 D = Non-vault monster count
 E = Vault monster count
 F = Vault count percentage of total count
                 A         B        C        D         E       F
            +---------+---------+-------+---------+---------+-------
      Total |      96 |      16 |  14.3 |      42 |       8 |  16.0
            +---------+---------+-------+---------+---------+-------
        D:1 |      33 |       0 |   0.0 |      21 |       0 |   0.0
        D:2 |      39 |       0 |   0.0 |      14 |       0 |   0.0
        D:3 |      24 |      16 |  40.0 |       7 |       8 |  53.3
            +---------+---------+-------+---------+---------+-------
